 Dungeon Crawl Stone Soup version 0.30-a0-870-gc5d4c5acee (webtiles) character file.

Game seed: 12095241606030835611

6533 Calibrex the Grappler (level 10, -3/102 HPs)
             Began as a Troll Fighter on Mar 12, 2023.
             Was a Believer of Wu Jian.
             Slain by a death yak (10 damage)
             ... on level 8 of the Dungeon.
             The game lasted 00:26:09 (5783 turns).

Calibrex the Grappler (Troll Fighter)               Turns: 5783, Time: 00:26:09

Health: -3/102     AC: 11    Str: 26    XL:     10   Next: 69%
Magic:  9/9        EV:  9    Int:  8    God:    Wu Jian [**....]
Gold:   365        SH: 10    Dex:  9    Spells: 9/9 levels left

rFire   . . .      SeeInvis .      - Unarmed
rCold   . . .      Faith    .    b - +1 kite shield
rNeg    . . .      Spirit   .    a - +0 robe
rPois   .          Reflect  .    f - +2 hat
rElec   .          Rampage  .    c - +0 cloak
rCorr   +                        (gloves unavailable)
Will    .....                    (boots unavailable)
Stlth   +                        (no amulet)
HPRegen 1.17/turn                g - ring of resist corrosion
MPRegen 0.11/turn                s - +4 ring of protection

@: about to teleport
A: large, unfitting armour, claws 3, regeneration 1, shaggy fur 1, tough skin 1
a: Renounce Religion, Wall Jump


You were on level 8 of the Dungeon.
You worshipped Wu Jian.
Wu Jian was pleased with you.
You visited 2 branches of the dungeon, and saw 9 of its levels.

You collected 365 gold pieces.

Inventory:

Missiles
 p - 12 poisoned darts (quivered)
 t - 2 javelins
 x - a throwing net
 y - a curare-tipped dart
Armour
 a - a +0 robe (worn)
 b - a +1 kite shield (worn)
 c - a +0 cloak (worn)
 f - a +2 hat (worn)
Jewellery
 g - a ring of resist corrosion (left claw)
 s - a +4 ring of protection (right claw)
Wands
 w - a wand of iceblast (3)
Scrolls
 l - 2 scrolls of blinking
 r - 9 scrolls of identify
 z - a scroll of amnesia
 A - a scroll of teleportation
 B - a scroll of poison {unknown}
Potions
 d - a potion of lignification
 e - 4 potions of curing
 h - 3 potions of haste {unknown}
 i - a potion of brilliance {unknown}
 j - a potion of attraction {unknown}
 k - 2 potions of invisibility {unknown}
 m - 3 potions of degeneration {unknown}
 n - 2 potions of flight {unknown}
 o - 3 potions of heal wounds {unknown}
 q - 2 potions of magic {unknown}
 v - a potion of cancellation {unknown}


   Skills:
 + Level 7.3 Fighting
 - Level 2.4 Dodging
 + Level 8.0 Shields
 * Level 11.7 Unarmed Combat


You had 9 spell levels left.
You didn't know any spells.
Your spell library contained the following spells:

 Spells                   Type           Power      Damage    Failure   Level
 Sublimation of Blood     Necr           0%         N/A       78%         2
 Wereblood                Tmut           0%         N/A       78%         2
 Ozocubu's Armour         Ice            0%         N/A       95%         3
 Cause Fear               Hex            0%         N/A       100%        4
 Petrify                  Tmut/Erth      0%         N/A       100%        4
 Irradiate                Conj/Tmut      0%         3d11      100%        5
 Dragon Form              Tmut           0%         N/A       100%        7
 Ozocubu's Refrigeration  Ice            0%         4d7       100%        7
 Summon Hydra             Summ           0%         N/A       100%        7
 Dragon's Call            Summ           0%         N/A       100%        9


Dungeon Overview and Level Annotations

Branches:
Dungeon (8/15)             Temple (1/1) D:5            Lair (0/5) D:8

Altars:
Ashenzari
Cheibriados
Dithmenos
Elyvilon
Fedhas
Gozag
Hepliaklqana
Kikubaaqudgha
Makhleb
Nemelex Xobeh
Okawaru
Qazlal
Ru
Sif Muna
Trog
Vehumet
Wu Jian
Xom
Yredelemnul
Zin
The Shining One


Innate Abilities, Weirdness & Mutations

You are too large for most types of armour.
You have claws for hands.
Your natural rate of healing is unusually fast.
You are covered in fur. (AC +1)
You have tough skin. (AC +1)


Message History

You mangle the death yak!!
The death yak is heavily wounded.
You claw the death yak!
The death yak is severely wounded.
You block the death yak's attack.
You mangle the death yak!!
The death yak is almost dead.
You block the death yak's attack. The death yak attacks as you move away!
The death yak gores you!!
* * * LOW HITPOINT WARNING * * *
Found a flail.
Found a stone staircase leading down.
The death yak attacks as you move away!
The death yak gores you but does no damage.
You spin and attack the death yak repeatedly.
You barely miss the death yak. You completely miss the death yak.
The death yak gores you!
* * * LOW HITPOINT WARNING * * *
The death yak attacks as you move away! You block the death yak's attack.
The death yak attacks as you move away! The death yak gores you!
* * * LOW HITPOINT WARNING * * *
The death yak snorts and paws the ground.
You feel better.
The death yak gores you but does no damage.
You scratch the death yak but do no damage.
The death yak gores you but does no damage.
You scratch the death yak but do no damage.
The death yak gores you but does no damage.
You mangle the death yak!!
The death yak is moderately wounded.
You block the death yak's attack.
You claw the death yak!
The death yak is moderately wounded.
The death yak gores you!!
* * * LOW HITPOINT WARNING * * *
You claw the death yak!
The death yak is heavily wounded.
Okay, then.
As you read the scroll of teleportation, it crumbles to dust.
You feel strangely unstable. The death yak gores you!
You die...

##.# ##### #.#.#.####.# ...#
##...## #.#.#.# #.# ##.###.###<##
#.#.#.# #.# #.##.## ##.##
#.#.#.####.####### ##.#.#######.#
#.#.#.##.....>....
.........###.###.#.#.##.#.####...
................YY...##.#.# #.##
#####.##.##.####Y#.####.#.# #.#
##.#.#.## #@#.###....# #.#
##...## #.#.)).....# #.# ##.##
#.#.###...## #.# #.# #.#........#
#.## #.#######....##.##.# #.#.
########............##.##.####...
...........#######..##.......<...
.#########.# #..#####.######. .#
#.# #..# #.# #.


You could see 3 death yaks.

Vanquished Creatures
  4 death yaks (D:8)
  Pikel (D:6)
  Joseph (D:8)
  A troll (D:8)
  Edmund (D:5)
  2 water moccasins (D:7)
  2 orc warriors (D:8)
  2 ice beasts
  A black bear (D:6)
  4 sky beasts
  An ogre (D:6)
  2 centaurs
  2 lemures (D:6)
  A phantom (D:5)
  2 kobold brigands
  A bullfrog (D:6)
  2 scorpions (D:4)
  5 wights (D:7)
  3 killer bees (D:8)
  4 howler monkeys (D:7)
  A gnoll bouda (D:6)
  3 jellies
  7 orc priests
  4 hounds
  4 iguanas
  9 orc wizards
  7 gnolls
  An adder (D:3)
  2 white imps (D:8)
  An ufetubus (D:5)
  2 worms
  2 dart slugs
  16 orcs
  8 endoplasms
  2 giant cockroaches
  7 hobgoblins
  10 jackals
  2 quokkas
  6 ball pythons
  4 bats
  2 frilled lizards (D:1)
  6 goblins
  21 kobolds
  4 rats
173 creatures vanquished.

Vanquished Creatures (others)
  10 plants
10 creatures vanquished.

Grand Total: 183 creatures vanquished

Notes
Turn   | Place    | Note
-------+----------+-------------------------------------------
     0 | D:1      | Calibrex the Troll Fighter began the quest for the Orb.
     0 | D:1      | Reached XP level 1. HP: 22/22 MP: 0/0
   124 | D:1      | Reached XP level 2. HP: 29/29 MP: 1/1
   397 | D:1      | Reached XP level 3. HP: 36/36 MP: 2/2
   441 | D:1      | Reached skill level 3 in Unarmed Combat
   564 | D:1      | Found a faded altar of an unknown god.
  1247 | D:3      | Found a bloodstained altar of Trog.
  1285 | D:3      | Reached XP level 4. HP: 44/44 MP: 3/3
  1384 | D:3      | Noticed a sky beast
  1418 | D:3      | Killed a sky beast
  1419 | D:3      | Reached skill level 4 in Unarmed Combat
  1419 | D:3      | Reached XP level 5. HP: 23/53 MP: 4/4
  1804 | D:3      | Found a broken altar of Ashenzari.
  2068 | D:4      | Found a blossoming altar of Fedhas.
  2132 | D:4      | Found a burning altar of Makhleb.
  2139 | D:4      | Reached XP level 6. HP: 61/61 MP: 5/5
  2301 | D:4      | Reached skill level 5 in Unarmed Combat
  2382 | D:5      | Entered Level 5 of the Dungeon
  2477 | D:5      | Reached XP level 7. HP: 68/68 MP: 6/6
  2610 | D:5      | Noticed Edmund
  2622 | D:5      | Killed Edmund
  2750 | D:5      | Reached skill level 6 in Unarmed Combat
  2769 | D:5      | Found a staircase to the Ecumenical Temple.
  2789 | Temple   | Entered the Ecumenical Temple
  2789 | Temple   | Found a transporter.
  2789 | Temple   | Found a transporter.
  2798 | Temple   | Found a transporter.
  2798 | Temple   | Found a transporter.
  2823 | Temple   | Became a worshipper of the Wu Jian Council
  3760 | D:6      | Noticed Pikel
  3778 | D:6      | Killed Pikel
  3779 | D:6      | Reached skill level 5 in Shields
  3779 | D:6      | Reached skill level 7 in Unarmed Combat
  3779 | D:6      | Reached XP level 8. HP: 33/79 MP: 7/7
  3872 | D:6      | Reached skill level 5 in Fighting
  3947 | D:6      | Reached skill level 8 in Unarmed Combat
  4187 | D:6      | Found an opulent altar of Gozag.
  4193 | D:6      | Reached * piety under Wu Jian
  4194 | D:6      | Reached XP level 9. HP: 88/88 MP: 8/8
  4323 | D:6      | Found a white marble altar of Elyvilon.
  4497 | D:7      | Reached skill level 9 in Unarmed Combat
  4772 | D:7      | Reached ** piety under Wu Jian
  4793 | D:7      | Reached skill level 10 in Unarmed Combat
  5215 | D:8      | Noticed Joseph
  5233 | D:8      | Killed Joseph
  5341 | D:8      | Noticed a troll
  5352 | D:8      | Killed a troll
  5353 | D:8      | Reached XP level 10. HP: 32/100 MP: 9/9
  5711 | D:8      | Noticed a death yak
  5713 | D:8      | Noticed a death yak
  5713 | D:8      | Noticed a death yak
  5713 | D:8      | Noticed a death yak
  5713 | D:8      | Noticed a death yak
  5713 | D:8      | Noticed a death yak
  5714 | D:8      | Found a staircase to the Lair.
  5714 | D:8      | Noticed a death yak
  5714 | D:8      | Noticed a death yak
  5725 | D:8      | Killed a death yak
  5735 | D:8      | Killed a death yak
  5736 | D:8      | Reached skill level 11 in Unarmed Combat
  5740 | D:8      | Killed a death yak
  5746 | D:8      | Killed a death yak
  5781 | D:8      | HP: 5/102 [death yak (20)]
  5783 | D:8      | Slain by a death yak

Illustrated notes

Levels and vault maps discovered:
D:1:      giann_bridges, layout_basic, shapermc_ecumenical_altar_mp_urbaneastern
D:2:      layout_loops_ring
D:3:      layout_loops_ring, lemuel_crystal_altar, mainiacjoe_overflow_alcove_2
D:4:      layout_rooms, lemuel_round_altar, fedhas_ov_isle_minmay
D:5:      layout_basic, minmay_temple_entry_proselytizer, uniq_edmund
D:6:      layout_rooms, nicolae_elyvilon_temple_path, overflow_temple_1_default,
          uniq_pikel
D:7:      layout_cave_pools, corexii_leaking_fountain
D:8:      layout_loops_ring, dpeg_lair_monsters, minmay_misc_feat_alley,
          uniq_joseph
Temple:   hellmonk_temple_divided_pantheon

Skill      XL: |  1  2  3  4  5  6  7  8  9 10 |
---------------+-------------------------------+-----
Shields        | 3 4 5 6 7 8 |  8.0
Unarmed Combat | 3 4 5 7 8 10 11 | 11.7
Fighting       | 3 4 5 6 7 |  7.3
Dodging        | |  2.4

Action                     |  1- 3 |  4- 6 |  7- 9 | 10-12 || total
---------------------------+-------+-------+-------+-------++-------
  Melee: Unarmed           |   116 |    94 |   330 |    88 ||   628
  Throw: Dart              |       |       |     1 |       ||     1
Ability: Lunge             |       |       |    21 |     4 ||    25
         Whirlwind         |       |       |    91 |     4 ||    95
    Use: Scroll            |     7 |     2 |     2 |     2 ||    13
         Potion            |       |       |     3 |     1 ||     4
   Stab: Sleeping          |     2 |       |       |       ||     2
 Armour: Robe              |    51 |    32 |   107 |    14 ||   204
         Skin              |       |       |    49 |       ||    49
  Dodge: Dodged            |    34 |    31 |    74 |    12 ||   151
  Block: Kite shield       |    42 |    38 |   163 |    28 ||   271

Table legend: (Time is in decaauts)
 A = Elapsed time spent in this place.
 B = Non-inter-level travel time spent in this place.
 C = Inter-level travel time spent in this place.
 D = Time resting spent in this place.
 E = Time spent auto-exploring this place.
 F = Levels seen in this place.
 G = Mean time per level.
                   A        B        C        D        E       F      G
               +--------+--------+--------+--------+--------+-----+--------+
         Total |   5790 |   5552 |    238 |     47 |   4064 |   9 |  643.3 |
       Dungeon |   5699 |   5461 |    238 |     47 |   4051 |   8 |  712.4 |
        Temple |     91 |     91 |      0 |      0 |     13 |   1 |   91.0 |
               +--------+--------+--------+--------+--------+-----+--------+

Top non-repeatable levels by time:
     D:5: 1262 daAuts
     D:6: 745 daAuts
     D:8: 660 daAuts
     D:3: 660 daAuts
     D:7: 635 daAuts
     D:1: 632 daAuts
     D:2: 578 daAuts
     D:4: 524 daAuts
  Temple: 91 daAuts
